Unix NetHack Version 3.7.0-89 Work-in-progress - last build Sep 8 2023 01:29:47 (8494bff02b67719303c47e298deaa89034127798,branch:master). Game began 2023-09-09 13:08:43, ended 2023-09-09 15:00:38. Cloudmillion, lawful female human Monk -- --------- .--- -....a@Yd.....- ..........da*.&....>%.- '..f............aq............- ....:Y..M.................N..../........- ......'................................?..........- b...M.......T....Y............:............................. ...................................~................(................. |.}...................................~w....l........?..................}.| |..?.....E..........?.....................................................| ---....(........'...................................b(......e.....--------- ---......M..............................................--------- ---.........................q......?..........--------- ---........................[........-------- ---..............?........-------- ---...}........ -------- ---.. ------- --- Cloudmillion the Student of Stones St:18 Dx:15 Co:16 In:9 Wi:15 Ch:12 Lawful Dlvl:12 $:539 HP:0(70) Pw:41(51) AC:1 Exp:10 T:11867 Latest messages: The soldier thrusts his short sword. The soldier hits! You kill the soldier! There are several objects here. There are several objects here. You hear a door open. In what direction? 9 The door closes. There are several objects here. Your hands begin to glow red even more. Your hands begin to glow red even more. You descend the stairs. You hit the leocrotta! Your hands no longer glow so brightly red. The leocrotta appears confused. Hutt swings her runed broadsword at the owlbear. Hutt hits the owlbear. The owlbear hits! The owlbear hits again! The owlbear grabs you! The soldier ant bites! The soldier ant misses! The soldier ant bites! The soldier ant misses! The soldier ant bites! The soldier ant stings! The leocrotta hits the soldier ant. The leocrotta misses the soldier ant. The leocrotta hits the soldier ant. You are being held, and cannot go up. Hutt swings her runed broadsword at the owlbear. Hutt hits the owlbear. The winter wolf breathes frost! The blast of frost hits the owlbear! The blast of frost hits you! But it reflects from your medallion! The blast of frost hits the owlbear! The blast of frost misses the winter wolf. The lava cools and solidifies. The owlbear hits! The owlbear hits again! You are being crushed. The soldier ant bites! The soldier ant stings! You die... Do you want your possessions identified? [ynq] (y) y Do you want to see your attributes? [ynq] (y) y Do you want an account of creatures vanquished? [ynaq] (y) y Do you want to see your conduct and achievements? [ynq] (y) y Do you want to see the dungeon overview? [ynq] (y) y Inventory: Coins $ - 539 gold pieces Amulets K - an uncursed amulet of reflection named reflection (being worn) Armor q - a blessed +2 orcish helm (being worn) a - an uncursed +2 pair of leather gloves (being worn) U - an uncursed +0 pair of elven boots (being worn) D - an uncursed +0 robe (being worn) Comestibles H - 3 uncursed food rations I - an uncursed melon Wands F - a wand of cancellation named vanish 1 (0:4) T - a wand of fire (0:3) m - a wand of light (0:15) Y - a cursed wand of magic missile (0:0) V - a wand of polymorph named polymorph <3 (0:3) g - a wand of probing (0:7) E - a wand of secret door detection (0:14) Q - a wand of sleep named sleep/death (0:2) t - a cursed wand of speed monster (0:3) C - a wand of striking (0:7) v - a wand of striking (0:5) z - a wand of striking (0:5) Z - a wand of striking (0:5) j - a wand of striking (0:4) s - a wand of striking (0:4) c - a wand of striking (0:3) A - a wand of striking (0:3) b - a wand of striking (0:2) e - a wand of striking named striking (0:2) k - a wand of teleportation (0:5) Tools x - a blessed bag of holding containing 65 items W - a horn of plenty (0:2) J - a magic marker (0:72) S - an uncursed magic whistle G - a blessed oil lamp (lit) N - an uncursed skeleton key o - a blessed tallow candle O - an uncursed towel h - a +0 unicorn horn Gems/Stones R - an uncursed citrine stone P - 2 uncursed jasper stones L - an uncursed jet stone y - an uncursed worthless piece of white glass B - a blessed luckstone Contents of the bag of holding: 23302 gold pieces the rustproof +0 Demonbane an uncursed Craig 2 uncursed cloves of garlic 4 uncursed food rations 8 uncursed food rations an uncursed lizard corpse an uncursed scroll of create monster 2 uncursed scrolls of earth a blessed scroll of enchant armor a blessed scroll of light a blessed scroll of light an uncursed scroll of light a blessed scroll of punishment an uncursed scroll of remove curse an uncursed scroll of scare monster an uncursed scroll of teleportation a cursed scroll of teleportation an uncursed spellbook of cause fear a blessed spellbook of confuse monster an uncursed spellbook of confuse monster an uncursed spellbook of create monster an uncursed spellbook of detect monsters an uncursed spellbook of drain life an uncursed spellbook of fireball an uncursed spellbook of force bolt an uncursed spellbook of healing an uncursed spellbook of light an uncursed spellbook of magic mapping an uncursed spellbook of magic missile a cursed spellbook of magic missile an uncursed potion of booze a blessed potion of extra healing 2 uncursed potions of extra healing an uncursed potion of full healing a cursed potion of gain ability 2 uncursed potions of gain energy a cursed potion of gain energy a cursed potion of hallucination an uncursed potion of invisibility 2 cursed potions of levitation an uncursed potion of monster detection an uncursed potion of oil an uncursed potion of restore ability an uncursed potion of sickness 2 uncursed potions of sleeping 2 cursed potions of speed 2 potions of holy water 2 uncursed potions of water an uncursed ring of conflict a cursed -2 ring of gain strength an uncursed ring of poison resistance an uncursed ring of protection from shape changers an uncursed ring of see invisible an uncursed ring of slow digestion a cursed ring of warning a wand of digging (0:5) a wand of digging (0:4) a wand of fire (0:5) a blessed wand of light (0:10) a wand of light (0:15) a wand of light (0:11) a wand of speed monster named speed monster (0:4) 15 uncursed tallow candles 4 uncursed wax candles Cloudmillion the Monk's attributes: Background: You were a Student of Stones, a level 10 female human Monk. You were lawful, on a mission for Shan Lai Ching who was opposed by Chih Sung-tzu (neutral) and Huan Ti (chaotic). You were in the Dungeons of Doom, on level 12, a very big room. You entered the dungeon 11867 turns ago. You had 5418 experience points, 4582 more were needed to attain level 11. Basics: You had 0 out of 70 hit points. You had 41 out of 51 energy points (spell power). Your armor class was 1. Your wallet contained 539 zorkmids, and you had 23302 more stashed away in your pack. Autopickup was off. Final Characteristics: Your strength was 18 (peak:18/01, limit:18/100). Your dexterity was 15 (limit:18). Your constitution was 16 (limit:18). Your intelligence was 9 (limit:18). Your wisdom was 15 (limit:18). Your charisma was 12 (limit:18). Final Status: You were held by an owlbear (east). You were not hungry. You were unencumbered. You were empty handed. You were skilled in martial arts and could have enhanced that. Final Attributes: You were piously aligned. You were sleep resistant. You were poison resistant. You saw invisible. You were warned. You had automatic searching. You would have confused monsters when hitting them. You were stealthy. You were guarded. You were fast. You had reflection. You were lucky. You had extra luck. Good luck did not time out for you. You are dead. Miscellaneous: You encountered 1 bones level. Total elapsed playing time was 1 hour, 51 minutes and 54 seconds. Major events: Turn 1: Cloudmillion the lawful female human Monk entered the dungeon 804: attained the rank of Novice (level 3) 887: entered the Gnomish Mines 1977: attained the rank of Initiate (level 6) 2109: reached Mine Town 2291: destroyed kdg's ghost, the former Bandit 4356: entered Sokoban 4706: completed 1st Sokoban level 5326: completed 2nd Sokoban level 5708: completed 3rd Sokoban level 6509: completed 4th Sokoban level 6807: acquired the Sokoban amulet of reflection 7705: Annootok, the general store proprietor, has been killed 10304: Cubask, the hardware store proprietor, has been killed 10368: Izchak, the lighting store proprietor, has been killed 10496: Tjiwidej, the delicatessen proprietor, has been killed 10576: made her first wish - "blessed bag of holding", got "a bag" 10665: Patjitan, the delicatessen proprietor, has been killed 10942: Inuvik, the general store proprietor, has been killed 11109: was bestowed with Demonbane by Shan Lai Ching 11428: attained the rank of Student of Stones (level 10) 11539: entered the Bigroom 11867: killed by a soldier ant Vanquished creatures: 6 shopkeepers an aligned cleric a ghost 2 giant mimics a zruty a fire giant a large mimic 4 stalkers a water demon a warg 4 small mimics 2 warhorses a quantum mechanic 2 wood golems 4 large dogs 3 freezing spheres a shocking sphere 2 large cats 2 tigers 2 tengu an ochre jelly a leocrotta 2 human mummies a red naga a python a wraith a carnivorous ape a leather golem a Grey-elf 2 soldiers 2 watchmen 2 chameleons a crocodile a giant beetle 2 cockatrices a wolf 2 winter wolf cubs 3 lynxes a panther 3 leprechauns an orc-captain 3 iron piercers a giant spider a scorpion a black light 2 vampire bats 4 gnome rulers 4 orc mummies 5 dwarf mummies 5 ogres 2 brown puddings 2 rust monsters 3 Green-elves 6 lizards 2 dogs a housecat a jaguar 5 dwarf leaders 2 blue jellies a white unicorn 2 black unicorns 2 dust vortices 3 ravens a gnome mummy 4 snakes 8 human zombies 3 bugbears a quasit 3 wood nymphs a water nymph 2 mountain nymphs 15 Uruk-hai an orc shaman 3 rock piercers 4 rock moles a pony 2 fog clouds 4 yellow lights 4 violet fungi 13 gnome leaders 2 gnomish wizards 3 kobold mummies 2 elf zombies a ghoul 2 straw golems a baby crocodile 8 giant ants a little dog 5 floating eyes a kitten 9 dwarves 2 homunculi a kobold leader a kobold shaman 8 hill orcs 4 rothes a centipede 3 giant bats 4 monkeys 8 dwarf zombies 3 wererats a werejackal 3 iguanas 10 killer bees 6 acid blobs 4 coyotes 2 hobbits 5 hobgoblins 7 giant rats 2 yellow molds 3 green molds a red mold 62 gnomes a Keystone Kop 3 gnome zombies 8 geckos 9 jackals 2 foxes 2 goblins a grid bug a bat a lichen a kobold zombie 6 newts 412 creatures vanquished. No species were genocided or became extinct. Voluntary challenges: You followed a strict vegan diet. You never hit with a wielded weapon. You read items or engraved 15 times. You never engraved Elbereth. You never genocided any monsters. You never polymorphed an object. You used 1 wish. You did not wish for any artifacts. You did not violate any of the special Sokoban rules. Achievements: You entered a shop. You attained the rank of Novice. You entered the Gnomish Mines. You attained the rank of Initiate. You entered Minetown. You entered a temple. You entered Sokoban. You completed Sokoban. You attained the rank of Student of Stones. You entered the Big Room. The Dungeons of Doom: levels 1 to 12 Level 1: Some fountains. Level 2: Many fountains, a grave. Level 3: A general store, a fountain. Level 4: An untended shop, an altar, a fountain, a sink, a grave. Stairs down to The Gnomish Mines. Level 5: An untended shop, a fountain. Level 6: Level 7: An altar to Shan Lai Ching. Level 8: Level 9: Many fountains. Oracle of Delphi. Level 10: Stairs up to Sokoban, level 9. Level 11: Level 12: <- You were here. A very big room. Final resting place for you, killed by a soldier ant. The Gnomish Mines: levels 5 to 13 Level 5: Level 6: Level 7: Many shops, a temple, some fountains, a sink, a grave. Final resting place for kdg-Bar-Hum-Mal-Cha, killed by a gnome lady, while frozen by a floating eye's gaze. Level 8: Level 9: Level 10: Level 11: Level 12: Level 13: A fountain. Sokoban: levels 9 up to 6 Level 6: Solved. Level 7: Solved. Level 8: Solved. Level 9: Solved. Game over: ---------- / \ / REST \ / IN \ / PEACE \ / \ | Cloudmillion | | 23841 Au | | killed by a | | soldier ant | | | | | | 2023 | *| * * * | * _________)/\\_//(\/(/\)/\//\/|_)_______ Goodbye Cloudmillion the Monk... You died in The Dungeons of Doom on dungeon level 12 with 43789 points, and 23841 pieces of gold, after 11867 moves. You were level 10 with a maximum of 70 hit points when you died.